 Dungeon Crawl Stone Soup version 0.30-b1-2-g02819fbbbe (webtiles) character file.

Game seed: 14396984931785407736

121 Flugkiller the Trooper (level 5, 0/33 HPs)
             Began as a Gargoyle Fighter on May 14, 2023.
             Killed from afar by a steam dragon (6 damage)
             ... with a ball of steam
             ... on level 4 of the Dungeon.
             The game lasted 00:01:22 (2339 turns).

Flugkiller the Trooper (Gargoyle Fighter)           Turns: 2339, Time: 00:01:23

Health: 0/33       AC: 17    Str: 21    XL:     5   Next: 5%
Magic:  5/5        EV: 23    Int:  9    God:
Gold:   122        SH:  4    Dex:  9    Spells: 4/4 levels left

rFire   . . .        a - +0 war axe
rCold   + + .        c - +0 buckler
rNeg    + + +        o - +3 chain mail of Elyvilon's Regard {-Cast rElec rC++ rN+++}
rPois   ∞            (no helmet)
rElec   +            (no cloak)
rCorr   .            n - +0 pair of gloves
SInv    .            (no boots)
Will    .....        f - amulet of the acrobat Stlth
                     (no ring)
HPRegen 0.25/turn    (no ring)
MPRegen 0.09/turn

%: no spellcasting, acrobat
@: mighty, acrobatic
A: sickness immunity, AC +4, negative energy resistance 1, electricity
resistance, torment resistance 1, petrification resistance
a: no special abilities


You were on level 4 of the Dungeon.
You visited 1 branch of the dungeon, and saw 4 of its levels.

You collected 122 gold pieces.

Inventory:

Hand Weapons
 a - a +0 war axe (weapon)
Armour
 b - a +0 scale mail
 c - a +0 buckler (worn)
 n - a +0 pair of gloves (worn)
   (You found it on level 2 of the Dungeon)
 o - the +3 chain mail of Elyvilon's Regard (worn) {-Cast rElec rC++ rN+++}
   (You found it on level 2 of the Dungeon)

   rC:        It greatly protects you from cold.
   rElec:     It insulates you from electricity.
   rN:        It renders you almost immune to negative energy.
   -Cast:     It prevents spellcasting.
Jewellery
 f - an amulet of the acrobat (around neck)
   (You found it on level 1 of the Dungeon)
Scrolls
 g - a scroll of brand weapon {unknown}
 k - a scroll of vulnerability {unknown}
 l - a scroll of fear {unknown}
 m - a scroll of identify {unknown}
 p - a scroll of silence {unknown}
 q - 2 scrolls of fog {unknown}
 s - a scroll of blinking {unknown}
Potions
 d - a potion of might
 e - a potion of lignification {unknown}
 h - a potion of resistance {unknown}
 i - a potion of heal wounds {unknown}
 j - a potion of degeneration {unknown}
 r - a potion of mutation {unknown}


   Skills:
 * Level 4.2 Fighting
 * Level 2.8 Axes
 * Level 4.2 Armour
 + Level 3.9 Shields


You had 4 spell levels left.
You didn't know any spells.
Your spell library contained the following spells:

 Spells                   Type           Power      Damage    Failure   Level
 Summon Ice Beast         Ice/Summ       0%         N/A       100%        4
 Summon Mana Viper        Hex/Summ       0%         N/A       100%        5
 Monstrous Menagerie      Summ           0%         N/A       100%        7


Dungeon Overview and Level Annotations

Branches:
Dungeon (4/15) Zot: 21559
 Temple: D:4-7

Altars:
Wu Jian


Innate Abilities, Weirdness & Mutations

You are immune to sickness and miasma.
Your stone body is resilient. (AC +4)
You are immune to poison.
You resist negative energy. (rN+)
You are resistant to electric shocks. (rElec)
You are resistant to unholy torment.
You are immune to petrification.


Message History

A quokka is nearby!
You slash the quokka!
You kill the quokka!
No target in view!
Key pressed, stopping explore.
No target in view!
You open the door.
An endoplasm comes into view.
The endoplasm quivers.
An endoplasm is nearby!
There is an open door here.
You block the endoplasm's attack.
You slash the endoplasm!
You kill the endoplasm!
No target in view!
No target in view!
No target in view!
No target in view!
No target in view!
No target in view!
You open the door.
There is an open door here.
You see here a staff of earth.
As you open the door, it creaks loudly!
A ball python and a kobold come into view.
The kobold is wielding a +0 whip and quivering poisoned darts.
The ball python hisses angrily.
The kobold shouts!
There are monsters nearby!
You closely miss the ball python. You block the ball python's attack.
The ball python barely misses you.
The ball python bites you but does no damage.
The ball python grabs you. The ball python constricts you.
A steam dragon comes into view.
You barely miss the ball python.
The steam dragon hisses angrily.
The ball python bites you but does no damage.
The ball python constricts you.
The ball python bites you but does no damage.
The ball python constricts you.
You slash the ball python!
You kill the ball python!
The kobold throws a poisoned dart.
The poisoned dart closely misses you. The steam dragon breathes steam at you.
The ball of steam hits the kobold!!
The kobold dies!
The ball of steam hits you but does no damage.
No target in view!
No target in view!
No target in view!
No target in view!
No target in view!
Unknown command.
An endoplasm comes into view.
The endoplasm quivers.
The endoplasm hits you but does no damage.
You completely miss the endoplasm. The endoplasm freezes you.
You are frozen.
You resist.
You hit the endoplasm.
You kill the endoplasm!
You aren't carrying any items that you can evoke.
Unknown command.
Okay, then.
You feel very mighty all of a sudden. You block the steam dragon's attack.
The steam dragon claws you.
You hit the steam dragon but do no damage.
The steam dragon bites you but does no damage.
The steam dragon barely misses you. You block the steam dragon's attack.
The steam dragon claws you but does no damage.
You barely miss the steam dragon. You block the steam dragon's attack.
The steam dragon barely misses you.
You closely miss the steam dragon.
The steam dragon bites you but does no damage.
You block the steam dragon's attack. The steam dragon bites you.
The steam dragon claws you.
You slash the steam dragon!
The steam dragon is moderately wounded.
The steam dragon barely misses you. The steam dragon closely misses you.
You barely miss the steam dragon.
The steam dragon is moderately wounded.
You block the steam dragon's attack.
The steam dragon claws you but does no damage.
The steam dragon bites you. The steam dragon closely misses you.
You closely miss the steam dragon.
The steam dragon is moderately wounded.
The steam dragon bites you but does no damage.
The steam dragon closely misses you.
You hit the steam dragon but do no damage.
The steam dragon is moderately wounded.
The steam dragon breathes steam at you. The ball of steam hits you!
The steam dragon attacks as you move away!
The steam dragon bites you!
* * * LOW HITPOINT WARNING * * *
The steam dragon claws you but does no damage.
The steam dragon breathes steam at you.
The ball of steam hits you but does no damage.
The steam dragon breathes steam at you. The ball of steam hits you.
You die...

.....)'.....§.......|.........'
......###..§.###########...####
..... #.#§## #..## # .... #.###
## #.## ... #.# #.# #.# #+
#.###.# #.# #.##.### #..
#..D§§.# ##. ####.#@#.# ##...#
##.## #.# #.# ..# ###


There were no monsters in sight!

Vanquished Creatures
  4 gnolls (D:3)
  3 adders (D:3)
  A worm (D:3)
  2 dart slugs
  3 endoplasms
  2 giant cockroaches (D:2)
  5 goblins
  6 hobgoblins
  A kobold (D:1)
  A quokka (D:4)
  6 ball pythons
  5 bats
  4 frilled lizards
  8 rats
51 creatures vanquished.

Vanquished Creatures (others)
  A kobold (D:4)
  A plant (D:1)
2 creatures vanquished.

Grand Total: 53 creatures vanquished

Notes
Turn   | Place    | Note
-------+----------+-------------------------------------------
     0 | D:1      | Flugkiller the Gargoyle Fighter began the quest for the
                  | Orb.
     0 | D:1      | Reached XP level 1. HP: 14/14 MP: 1/1
   172 | D:1      | Reached XP level 2. HP: 14/19 MP: 2/2
  1005 | D:2      | Found a faded altar of an unknown god.
  1176 | D:2      | Reached XP level 3. HP: 21/23 MP: 3/3
  1255 | D:2      | Identified the +3 chain mail of Elyvilon's Regard {-Cast
                  | rElec rC++ rN+++}
  1629 | D:3      | Reached XP level 4. HP: 24/29 MP: 4/4
  1827 | D:3      | Found an ornate altar of the Wu Jian Council.
  2071 | D:3      | Reached XP level 5. HP: 33/33 MP: 5/5
  2313 | D:4      | Noticed a steam dragon
  2339 | D:4      | Killed from afar by a steam dragon

Illustrated notes

Levels and vault maps discovered:
D:1:      ncdulo_halloftheorcs, layout_basic, serial_bayou_lagoon_b
D:2:      layout_rooms, nicolae_ecumenical_lake_church, minmay_misc_feat_five,
          serial_park_tiny_pond, grunt_decor_arrowhead
D:3:      layout_basic, lemuel_coloured_pillars_altar
D:4:      layout_loops_corners, kennysheep_mini_moat, overflow_temple_1_default,
          minmay_temple_entry_enclosed_plants

Skill      XL: |  1  2  3  4 |
---------------+-------------+-----
Axes           | 2 |  2.8
Fighting       | 4 |  4.2
Armour         | 4 |  4.2
Shields        | |  3.9

Action                     |  1- 3 |  4- 6 || total
---------------------------+-------+-------++-------
  Melee: War axe           |   115 |    79 ||   194
    Use: Potion            |       |     1 ||     1
 Armour: Scale mail        |    73 |       ||    73
         Chain mail        |    14 |    58 ||    72
  Dodge: Dodged            |    70 |    45 ||   115
  Block: Buckler           |    28 |    23 ||    51
